 Dungeon Crawl Stone Soup version 0.19-a0-1886-gd64a0f0 (console) character file.

501 ChaseSP the Insei (level 7, -2/48 HPs)
             Began as a Merfolk Transmuter on Oct 16, 2016.
             Slain by a bullfrog (3 damage)
             ... in a sewer.
             The game lasted 00:12:37 (3846 turns).

ChaseSP the Insei (Merfolk Transmuter)              Turns: 3846, Time: 00:12:38

Health: -2/48      AC:  5    Str: 12    XL:     7   Next: 17%
Magic:  8/10       EV: 14    Int: 13    God:
Gold:   197        SH:  0    Dex: 16    Spells: 3 memorised, 4 levels left

rFire  . . .     SeeInvis .       - Unarmed
rCold  . . .     Gourm    .     t - +0 ring mail
rNeg   + . .     Faith    .     (no shield)
rPois  .         Spirit   .     (no helmet)
rElec  .         Dismiss  .     (no cloak)
rCorr  .         Reflect  .     (no gloves)
MR     .....     Harm     .     (boots currently unavailable)
Stlth  ++........               (no amulet)
                                l - ring of positive energy
                                f - +2 ring of strength

@: appendage (expiring), very quick
A: change form in water, swift swim, stealthy swim, horns 2
a: End Transformation


You were in a sewer.
You were not hungry.
You had grown temporary horns.
You visited 1 branch of the dungeon, and saw 4 of its levels.
You also visited: Sewer.

You collected 197 gold pieces.

Inventory:

Missiles
 a - 66 arrows
Armour
 j - a +0 leather armour
 t - a +0 ring mail (worn)
Jewellery
 f - a +2 ring of strength (left hand)
 l - a ring of positive energy (right hand)
Wands
 q - a wand of hasting (4/9)
 s - a wand of enslavement (6/24)
Scrolls
 e - 3 scrolls of identify
Potions
 b - a potion of brilliance
 g - 2 potions of degeneration {unknown}
 k - 2 potions of mutation {unknown}
 m - a potion of curing {unknown}
 p - a potion of flight {unknown}
Books
 c - a book of Changes

   Spells                             Type                      Level
   a - Beastly Appendage              Transmutation                1
   b - Sticks to Snakes               Transmutation                2
   c - Spider Form                    Transmutation/Poison         3
   d - Ice Form                       Ice/Transmutation            4
   e - Blade Hands                    Transmutation                5
 v - a book of Dreams

   Spells                             Type                      Level
   a - Ensorcelled Hibernation        Hexes/Ice                    2
   b - Silence                        Hexes/Air                    5
   c - Darkness                       Hexes                        6
   d - Shadow Creatures               Summoning                    6
Comestibles
 d - 3 bread rations
 h - a slice of pizza
 i - 6 chunks of flesh
 n - 2 fruits
 o - 2 meat rations


   Skills:
 - Level 1.1 Fighting
 - Level 2.6 Dodging
 * Level 6.5 Unarmed Combat
 - Level 2.0 Spellcasting
 - Level 6.3 Transmutations
 + Level 2.7 Poison Magic


You had 4 spell levels left.
You knew the following spells:

 Your Spells              Type           Power        Failure   Level  Hunger
a - Beastly Appendage     Tmut           ###...       6%          1    ##.....
b - Sticks to Snakes      Tmut           ###.....     10%         2    ###....
c - Spider Form           Tmut/Pois      ##........   28%         3    ####...


Dungeon Overview and Level Annotations

Branches:
Dungeon (4/15)
 Temple: D:4-7

Altars:
Okawaru


Innate Abilities, Weirdness & Mutations

You revert to your normal form in water.
You are very nimble and swift while swimming.
You are very stealthy in the water. (Stealth+)
You have a pair of horns on your head.


Message History

Your ring mail prevents you from hitting the bullfrog.
The bullfrog is heavily wounded.
The bullfrog hits you!
* * * LOW HITPOINT WARNING * * *
You miss the bullfrog. You tail-slap the bullfrog.
The bullfrog is heavily wounded.
The bullfrog hits you.
* * * LOW HITPOINT WARNING * * *
You punch the bullfrog!
You headbutt the bullfrog, but do no damage.
The bullfrog is almost dead.
The bullfrog hits you.
* * * LOW HITPOINT WARNING * * *
The bullfrog barely misses you. The bullfrog misses you.
Your transformation is almost over.
Casting: Beastly Appendage
Confirm with . or Enter, or press ? or * to list all spells.
You create a snake!
You now have 66 arrows.
The bullfrog hits you.
You die...

≈≈≈≈≈≈≈≈≈≈≈≈...∩.∩.#
.≈≈≈≈≈≈†≈≈≈.########
.≈≈≈≈########
≈≈≈÷≈####################
≈≈≈≈.≈≈≈.................
.≈≈≈≈≈≈≈≈≈≈≈≈≈≈≈≈≈≈≈≈≈≈≈≈
.≈≈≈≈≈≈≈≈≈≈≈≈≈≈≈≈≈≈≈≈≈≈≈≈
≈≈≈≈≈≈≈≈≈≈≈≈≈≈≈≈≈≈≈≈≈≈≈≈≈
.≈≈≈≈≈≈.........@≈≈≈≈≈≈≈≈
.≈≈≈.#######≈≈≈≈F≈≈≈≈≈≈≈≈
.≈≈≈≈# #≈≈≈≈≈≈≈≈S≈≈≈≈≈≈
.≈≈≈.# ##≈≈≈≈≈≈≈≈≈≈≈≈≈≈≈
.≈≈≈.# #≈≈≈≈≈≈≈≈≈≈.≈≈≈≈≈
.≈≈≈≈# #≈≈≈≈≈≈≈≈?≈≈≈.≈≈≈
#≈≈≈≈≈≈.)?$≈..≈≈≈
#≈≈≈≈≈≈≈.?.≈.≈≈.≈
#≈≈≈≈≈≈...≈≈≈...≈


You could see a bullfrog and a friendly ball python.

Vanquished Creatures
  An ogre (D:3)
  The ghost of CanOfBees the Gusty, an amateur TeAE (D:3)
  A bullfrog (Sewer)
  A howler monkey (D:4)
  A centaur skeleton (D:4)
  A bullfrog skeleton (D:4)
  Jessica (D:2)
  Ijyb (D:2)
  A worker ant (D:4)
  2 adders
  An ooze (D:2)
  An adder skeleton (D:4)
  A worm (D:3)
  A dart slug (D:2)
  3 leopard geckos
  7 orcs
  7 giant cockroaches
  12 goblins
  8 hobgoblins
  6 jackals
  6 kobolds
  2 quokkas (D:3)
  2 ball pythons
  6 bats
  4 frilled lizards
  7 rats
85 creatures vanquished.

Vanquished Creatures (collateral kills)
  2 orcs (D:3)
  A kobold (D:3)
3 creatures vanquished.

Grand Total: 88 creatures vanquished

Notes
Turn   | Place    | Note
-------+----------+-------------------------------------------
     0 | D:1      | ChaseSP the Merfolk Transmuter began the quest for the Orb.
     0 | D:1      | Reached XP level 1. HP: 15/15 MP: 3/3
   373 | D:1      | Reached XP level 2. HP: 16/21 MP: 5/5
   377 | D:1      | Learned a level 2 spell: Sticks to Snakes
  1160 | D:2      | Reached XP level 3. HP: 26/26 MP: 4/6
  1173 | D:2      | Learned a level 3 spell: Spider Form
  1600 | D:2      | Noticed Jessica
  1608 | D:2      | Killed Jessica
  1608 | D:2      | Reached skill level 1 in Poison Magic
  1608 | D:2      | Reached XP level 4. HP: 22/32 MP: 7/7
  1750 | D:2      | Noticed Ijyb
  1760 | D:2      | Killed Ijyb
  1871 | D:3      | Noticed CanOfBees's ghost (amateur TeAE)
  2128 | D:3      | Killed CanOfBees's ghost
  2128 | D:3      | Reached skill level 5 in Transmutations
  2128 | D:3      | Reached XP level 5. HP: 3/37 MP: 5/8
  2724 | D:3      | Noticed an ogre
  2741 | D:3      | Killed an ogre
  2741 | D:3      | Reached skill level 5 in Unarmed Combat
  2741 | D:3      | Reached XP level 6. HP: 43/43 MP: 6/9
  3498 | D:4      | Found an iron altar of Okawaru.
  3718 | D:4      | Found a glowing drain.
  3752 | Sewer    | Entered a sewer
  3767 | Sewer    | Reached XP level 7. HP: 43/48 MP: 8/10
  3839 | Sewer    | HP: 1/48 [bullfrog (3)]
  3846 | Sewer    | Slain by a bullfrog

Vault maps used:
D:1:      lightli_arrival_lavapool
D:2:      first_bread, roderic_lattice_a, minmay_misc_feat_pillars, uniq_iyjb,
          uniq_jessica
D:3:      hangedman_decor_lopped, kennysheep_generic_room_12
D:4:      tgw_trog, kennysheep_okawaru_gauntlet, portal_sewer_entry_f,
          minmay_gold_behind_fungi
Sewer:    sewer_frog_island_01

Skill      XL: |  1  2  3  4  5  6 |
---------------+-------------------+-----
Unarmed Combat | 4 5 6 |  6.5
Transmutations | 3 4 5 6 |  6.3
Poison Magic   | 1 2 |  2.7
Fighting       | |  1.1
Dodging        | |  2.6
Spellcasting   | |  2.0

Action                   |  1- 3 |  4- 6 |  7- 9 || total
-------------------------+-------+-------+-------++-------
Melee: Unarmed           |   148 |   172 |    30 ||   350
       Headbutt          |     3 |     4 |     2 ||     9
       Punch             |     2 |     2 |     1 ||     5
       Tailslap          |       |     3 |     5 ||     8
 Cast: Beastly Appendage |     5 |     2 |     1 ||     8
       Spider Form       |       |     5 |       ||     5
       Sticks to Snakes  |       |     5 |     1 ||     6
  Use: Scroll            |     1 |     6 |       ||     7
 Stab: Distracted        |       |     2 |       ||     2
  Eat: Chunk             |     2 |     7 |     1 ||    10
       Fruit             |       |     1 |       ||     1
Armor: Robe              |    13 |       |       ||    13
       Leather armour    |    19 |    17 |       ||    36
       Ring mail         |       |    34 |     7 ||    41
Dodge: Dodged            |    98 |   132 |    33 ||   263
